 Dungeon Crawl Stone Soup version 0.27-a0-1281-ge233d83751 (webtiles) character file.

Game seed: 18194123787855879923

833 Delamore the Cleaver (level 8, -2/62 HPs)
             Began as a Formicid Fighter on June 14, 2021.
             Was an Initiate of Gozag.
             Slain by a wight (4 damage)
             ... on level 5 of the Dungeon.
             The game lasted 00:04:19 (4783 turns).

Delamore the Cleaver (Formicid Fighter)             Turns: 4783, Time: 00:04:20

Health: -2/62      AC: 17    Str: 24    XL:     8   Next: 18%
Magic:  8/8        EV:  5    Int:  7    God:    Gozag
Gold:   199        SH:  9    Dex: 10    Spells: 7/7 levels left

rFire    . . .     SeeInvis +   u - +2 hand axe (drain)
rCold    . . .     Faith    .   c - +0 kite shield
rNeg     + + +     Spirit   .   q - +3 plate armour of the Yeti {-Cast *Corrode +Blink rN+++}
rPois    .         Reflect  .   (helmet unavailable)
rElec    .         Harm     .   (no cloak)
rCorr    .         Rampage  .   (no gloves)
Will     .....     NoCast   +   f - +2 pair of boots
Stlth    ..........             (no amulet)
HPRegen  0.20/turn              (no ring)
MPRegen  0.11/turn              (no ring)

@: gold aura
A: permanent stasis, dig shafts and tunnels, antennae 3, four strong arms
a: Dig, Shaft Self, Renounce Religion, Potion Petition, Call Merchant, Bribe
Branch


You were on level 5 of the Dungeon.
You worshipped Gozag.
Gozag was aware of your devotion.
You visited 2 branches of the dungeon, and saw 6 of its levels.

You collected 274 gold pieces.
You paid 75 gold pieces to Gozag.

Inventory:

Hand Weapons
 a - a +0 war axe
 u - a +2 hand axe of draining (weapon)
Missiles
 k - a throwing net
 m - 19 poisoned darts
 s - 5 boomerangs
Armour
 b - a +0 scale mail
 c - a +0 kite shield (worn)
 f - a +2 pair of boots (worn)
 g - a +0 chain mail
 q - the +3 plate armour of the Yeti (worn) {-Cast *Corrode +Blink rN+++}
   (You found it on level 5 of the Dungeon)

   It renders you almost immune to negative energy.
   It lets you blink.
   It prevents spellcasting.
   It may corrode you when you take damage.
Jewellery
 j - a ring of positive energy
Wands
 t - a wand of acid (9)
Scrolls
 e - 3 scrolls of identify
 l - a scroll of enchant armour
 r - a scroll of amnesia
Potions
 d - a potion of might
 h - a potion of degeneration
 i - 2 potions of heal wounds
 n - a potion of mutation
 o - a potion of flight
 p - a potion of curing
 v - a potion of haste


   Skills:
 - Level 5.0 Fighting
 * Level 8.2 Axes
 - Level 3.2 Armour
 - Level 3.6 Shields


You had 7 spell levels left.
You didn't know any spells.
Your spell library contained the following spells:

 Spells                   Type           Power      Damage    Failure   Level
 Beastly Appendage        Tmut           0%         N/A       100%        1
 Foxfire                  Conj/Fire      0%         2x1d4     100%        1
 Summon Small Mammal      Summ           0%         N/A       100%        1
 Call Imp                 Summ           0%         N/A       100%        2
 Poisonous Vapours        Pois/Air       0%         N/A       100%        2
 Wereblood                Tmut           0%         N/A       100%        2
 Call Canine Familiar     Summ           0%         N/A       100%        3
 Conjure Flame            Conj/Fire      0%         6-21      100%        3
 Inner Flame              Hex/Fire       0%         N/A       100%        3
 Mephitic Cloud           Conj/Pois/Air  0%         N/A       100%        3
 Spider Form              Tmut/Pois      0%         N/A       100%        3
 Summon Guardian Golem    Hex/Summ       0%         N/A       100%        3
 Ice Form                 Ice/Tmut       0%         N/A       100%        4
 Sticky Flame             Conj/Fire      0%         2d3       100%        4
 Summon Ice Beast         Ice/Summ       0%         N/A       100%        4
 Summon Lightning Spire   Summ/Air       0%         N/A       100%        4
 Fireball                 Conj/Fire      0%         3d3       100%        5
 Freezing Cloud           Conj/Ice/Air   0%         6-21      100%        5
 Irradiate                Conj/Tmut      0%         3d14      100%        5
 Blade Hands              Tmut           0%         N/A       100%        6
 Statue Form              Tmut/Erth      0%         N/A       100%        6
 Dragon Form              Tmut           0%         N/A       100%        7
 Storm Form               Tmut/Air       0%         N/A       100%        7


Dungeon Overview and Level Annotations

Branches:
Dungeon (5/15)             Temple (1/1) D:5

Altars:
Ashenzari
Cheibriados
Dithmenos
Fedhas
Gozag
Hepliaklqana
Kikubaaqudgha
Makhleb
Nemelex Xobeh
Ru
Sif Muna
Trog
Vehumet
Wu Jian
Xom
Yredelemnul
Zin


Innate Abilities, Weirdness & Mutations

You cannot be hasted, slowed, berserked, paralysed or teleported.
You can dig through walls and to a lower floor.
You have a pair of large antennae on your head. (SInv)
Your four strong arms can wield two-handed weapons with a shield.


Message History

You barely miss the wight.
The wight is no longer distracted by gold.
The wight is severely damaged.
The wight barely misses you.
You hit the wight but do no damage.
The wight is severely damaged.
The wight hits you but does no damage.
You hit the wight but do no damage.
The wight is severely damaged.
You block the wight's attack.
You slash the wight!
You destroy the wight!
You hit the wight.
The wight is lightly damaged.
The wight hits you but does no damage.
You slash the wight!
The wight is heavily damaged.
The wight hits you with a +0 halberd.
* * * LOW HITPOINT WARNING * * *
You hit the wight.
The wight is almost destroyed.
You block the wight's attack.
You closely miss the wight.
The wight is almost destroyed.
You block the wight's attack.
You hit the wight but do no damage.
The wight is almost destroyed.
The wight hits you with a +0 halberd!
* * * LOW HITPOINT WARNING * * *
You barely miss the wight.
The wight is almost destroyed.
You block the wight's attack.
Your plate armour of the Yeti prevents you from hitting the wight.
The wight is almost destroyed.
You block the wight's attack.
You hit the wight but do no damage.
The wight is almost destroyed.
The wight hits you with a +0 halberd.
You die...
Your body crumbles into a pile of gold.

##.# ##.## #.## #.# #.#
#.# #.## ### ##..# #@##
#...# ###############z#
#...# ........>....#{##
##..##
............zz#####...# #
..$.......$....##....## ##
..##.$.............## ##.
.......$...........## #..
.....#....##.......## ##..
#...
###++####......########...


You could see a wight.

Vanquished Creatures
  An ice beast (D:5)
  Blork the orc (D:5)
  A bullfrog (D:4)
  A scorpion (D:2)
  3 wights (D:5)
  A bullfrog zombie (D:5)
  2 jellies
  An orc priest (D:5)
  A bullfrog skeleton (D:5)
  An iguana (D:4)
  Natasha (D:2)
  Terence (D:2)
  A hound skeleton (D:4)
  4 gnolls (D:3)
  5 adders
  A howler monkey skeleton (D:4)
  A worm (D:2)
  5 dart slugs
  4 orcs
  6 ball pythons
  9 endoplasms
  4 giant cockroaches
  5 goblins
  7 jackals (D:1)
  2 quokkas (D:2)
  7 bats
  6 frilled lizards
  9 kobolds
  4 rats
95 creatures vanquished.

Notes
Turn   | Place    | Note
-------+----------+-------------------------------------------
     0 | D:1      | Delamore the Formicid Fighter began the quest for the Orb.
     0 | D:1      | Reached XP level 1. HP: 18/18 MP: 1/1
   142 | D:1      | Reached XP level 2. HP: 24/24 MP: 2/2
   464 | D:1      | Reached XP level 3. HP: 28/30 MP: 3/3
   560 | D:1      | Reached skill level 3 in Axes
   832 | D:2      | Noticed Terence
   847 | D:2      | Killed Terence
   848 | D:2      | Reached XP level 4. HP: 27/37 MP: 4/4
  1013 | D:2      | Reached skill level 4 in Axes
  1142 | D:2      | Noticed a scorpion
  1152 | D:2      | Killed a scorpion
  1153 | D:2      | Reached XP level 5. HP: 25/42 MP: 5/5
  1321 | D:2      | Found a faded altar of an unknown god.
  1368 | D:2      | Became a worshipper of Makhleb the Destroyer
  1368 | D:2      | Reached * piety under Makhleb
  1451 | D:2      | Noticed Natasha
  1461 | D:2      | Killed Natasha
  1462 | D:2      | Reached skill level 5 in Axes
  1881 | D:3      | Found a broken altar of Ashenzari.
  1881 | D:3      | Found a blossoming altar of Fedhas.
  1882 | D:3      | Found a basalt altar of Yredelemnul.
  1883 | D:3      | Found an ornate altar of the Wu Jian Council.
  1893 | D:3      | Reached XP level 6. HP: 43/48 MP: 6/6
  1922 | D:3      | Found an ancient bone altar of Kikubaaqudgha.
  1923 | D:3      | Found a hazy altar of Hepliaklqana.
  2909 | D:4      | Reached skill level 6 in Axes
  2947 | D:4      | Reached ** piety under Makhleb
  3053 | D:4      | Reached XP level 7. HP: 50/55 MP: 7/7
  3636 | D:5      | Entered Level 5 of the Dungeon
  3662 | D:5      | Found a staircase to the Ecumenical Temple.
  3666 | D:5      | Noticed Blork the orc
  3674 | D:5      | Killed Blork the orc
  3676 | D:5      | Identified the +3 plate armour of the Yeti {-Cast *Corrode
                  | +Blink rN+++}
  3690 | Temple   | Entered the Ecumenical Temple
  3802 | Temple   | Fell from the grace of Makhleb
  3802 | Temple   | Became a worshipper of Gozag Ym Sagoz the Greedy
  3916 | D:5      | Reached skill level 7 in Axes
  4708 | D:5      | Reached XP level 8. HP: 61/61 MP: 8/8
  4769 | D:5      | Reached skill level 5 in Fighting
  4769 | D:5      | Reached skill level 8 in Axes
  4780 | D:5      | HP: 1/62 [wight (7)]
  4783 | D:5      | Slain by a wight

Illustrated notes

Levels and vault maps discovered:
D:1:      shiori_arrival_maze, layout_basic
D:2:      layout_loops_ring, hellmonk_ecumenical_altar_pennies_from_heaven,
          chequers_serial_rivers_micro_e, minmay_surrounded, uniq_terence,
          uniq_natasha
D:3:      layout_basic, grunt_temple_overflow_open
D:4:      layout_basic
D:5:      kennysheep_big_flooded_room, layout_layer_cave,
          minmay_temple_entry_offerings, minmay_puff, uniq_ijyb,
          uniq_blork_the_orc
Temple:   chequers_temple_sunken

Skill      XL: |  1  2  3  4  5  6  7  8 |
---------------+-------------------------+-----
Axes           | 3 4 5 6 7 8 |  8.2
Fighting       | 4 5 |  5.0
Armour         | |  3.2
Shields        | |  3.6

Action                   |  1- 3 |  4- 6 |  7- 9 || total
-------------------------+-------+-------+-------++-------
Melee: War axe           |    78 |   125 |    50 ||   253
       Hand axe          |       |       |    37 ||    37
 Abil: Dig               |       |     5 |     4 ||     9
  Use: Scroll            |       |     6 |     4 ||    10
Armor: Scale mail        |    30 |       |       ||    30
       Chain mail        |       |    80 |     5 ||    85
       Plate armour      |       |       |    44 ||    44
Dodge: Dodged            |    33 |    26 |    17 ||    76
Block: Kite shield       |    52 |    71 |    41 ||   164

Table legend: (Time is in decaauts)
 A = Elapsed time spent in this place.
 B = Non-inter-level travel time spent in this place.
 C = Inter-level travel time spent in this place.
 D = Time resting spent in this place.
 E = Time spent auto-exploring this place.
 F = Levels seen in this place.
 G = Mean time per level.
                   A        B        C        D        E       F      G
               +--------+--------+--------+--------+--------+-----+--------+
         Total |   4906 |   4727 |    179 |    183 |   3779 |   6 |  817.7 |
       Dungeon |   4754 |   4594 |    160 |    183 |   3662 |   5 |  950.8 |
        Temple |    151 |    133 |     18 |      0 |    117 |   1 |  151.0 |
               +--------+--------+--------+--------+--------+-----+--------+

Top non-repeatable levels by time:
     D:2: 1096 daAuts
     D:5: 1016 daAuts
     D:3: 964 daAuts
     D:1: 848 daAuts
     D:4: 827 daAuts
  Temple: 151 daAuts
